 Dungeon Crawl Stone Soup version 0.25.0-46-gbd7b0854d2 (webtiles) character file.

Game seed: 11462137080748935445

16323 protoss039 the Thaumaturge (level 12, -1/64 HPs)
             Began as a Deep Elf Earth Elementalist on July 14, 2020.
             Was a Priest of Vehumet.
             Slain by a white ugly thing (27 damage)
             ... on level 12 of the Dungeon.
             The game lasted 00:54:51 (17178 turns).

protoss039 the Thaumaturge (DEEE)                  Turns: 17178, Time: 00:54:52

Health: -1/64      AC:  5    Str:  5    XL:     12   Next: 9%
Magic:  32/32      EV: 12    Int: 31    God:    Vehumet [***...]
Gold:   589        SH:  5    Dex: 15    Spells: 9/39 levels left

rFire    . . .     SeeInvis .   J - staff of poison
rCold    . . .     Gourm    .   p - +0 buckler
rNeg     . . .     Faith    .   y - +1 leather armour {rPois}
rPois    +         Spirit   .   (no helmet)
rElec    .         Reflect  .   G - scarf {repulsion}
rCorr    .         Harm     .   E - +0 pair of gloves
MR       +....                  (no boots)
Stlth    +.........             (no amulet)
HPRegen  0.20/turn              a - ring "Tepomoru" {Int+5 Stlth-}
MPRegen  0.23/turn              (no ring)

@: repel missiles
A: no striking features
a: Renounce Religion


You were on level 12 of the Dungeon.
You worshipped Vehumet.
Vehumet was most pleased with you.
You were hungry.

You visited 2 branches of the dungeon, and saw 13 of its levels.

You collected 589 gold pieces.

Inventory:

Hand Weapons
 t - a +1 dagger of venom
 u - a +3 short sword of electrocution
 M - a cursed +4 dagger of freezing
Missiles
 b - 238 stones (quivered)
Armour
 p - a +0 buckler (worn)
 y - a +1 leather armour of poison resistance (worn)
 B - a +0 cloak
 E - a +0 pair of gloves (worn)
 G - a scarf of repulsion (worn)
Magical Staves
 J - an uncursed staff of poison (weapon)
Jewellery
 a - the ring "Tepomoru" (left hand) {Int+5 Stlth-}
   (You found it on level 7 of the Dungeon)

   [ring of attention]

   It affects your intelligence (+5).
   It makes you less stealthy.
Wands
 c - a wand of disintegration (13)
 s - a wand of paralysis (9)
 w - a wand of polymorph (8)
 C - a wand of flame (41)
 I - a wand of acid (3)
Scrolls
 f - a scroll of fog
 h - 6 scrolls of teleportation
 i - 3 scrolls of amnesia
 k - 2 scrolls of blinking
 m - 7 scrolls of magic mapping
 o - 9 scrolls of remove curse
 r - 5 scrolls of enchant armour
 x - 2 scrolls of fear
 A - a scroll of brand weapon
 D - a scroll of summoning
 K - a scroll of immolation
 N - a scroll of noise {unknown}
Potions
 e - a potion of berserk rage {unknown}
 g - 4 potions of brilliance
 j - 2 potions of invisibility {unknown}
 l - 2 potions of mutation {unknown}
 n - 2 potions of heal wounds
 q - a potion of resistance {unknown}
 v - 3 potions of curing {unknown}
 z - 2 potions of degeneration {unknown}
 F - 2 potions of haste {unknown}
 H - a potion of ambrosia {unknown}
 P - a potion of might {unknown}
Comestibles
 d - 24 rations


   Skills:
 + Level 3.4 Fighting
 - Level 4.0 Armour
 - Level 3.0 Dodging
 - Level 3.0 Stealth
 - Level 4.0 Shields
 - Level 14.0 Spellcasting
 - Level 6.0 Conjurations
 - Level 5.0 Charms
 - Level 4.0 Transmutations
 - Level 5.0 Ice Magic
 - Level 2.0 Air Magic
 - Level 12.0 Earth Magic
 - Level 2.0 Poison Magic


You had 9 spell levels left.
You knew the following spells:

 Your Spells              Type           Power        Failure   Level  Hunger
a - Sandblast             Erth           ######       1%          1    None
b - Passwall              Tmut/Erth      ######..     1%          2    None
c - Stone Arrow           Conj/Erth      ######       1%          3    None
d - Petrify               Tmut/Erth      ######..     1%          4    None
e - Lee's Rapid Deconstr  Erth           #######...   1%          5    None
f - Frozen Ramparts       Ice            ######       1%          3    None
g - Ozocubu's Armour      Chrm/Ice       ######..     1%          3    None
h - Mephitic Cloud        Conj/Pois/Air  ######..     1%          3    None
i - Ozocubu's Refrigerat  Ice            ######....   17%         6    ###....

Your spell library contained the following spells:

 Spells                   Type           Power        Failure   Level  Hunger
 Ignite Poison            Fire/Tmut/Pois ######..     1%          3    None
 Freeze                   Ice            ####         1%          1    None
 Magic Dart               Conj           ####         1%          1    None
 Shock                    Conj/Air       ####         1%          1    None
 Searing Ray              Conj           ######       1%          2    None
 Dazzling Flash           Conj/Hex       #####.       1%          3    None
 Hailstorm                Conj/Ice       ######..     1%          4    None
 Poisonous Vapours        Pois/Air       ######       2%          2    None
 Fulminant Prism          Conj/Hex       #####.....   2%          4    None
 Iskenderun's Mystic Bla  Conj/Tloc      #####...     2%          4    None
 Airstrike                Air            ####......   4%          4    None
 Summon Ice Beast         Ice/Summ       #####...     12%         4    None


Dungeon Overview and Level Annotations

Branches:
Dungeon (12/15)            Temple (1/1) D:7            Lair (0/6) D:10
    Orc (0/2) D:10

Altars:
Ashenzari
Cheibriados
Dithmenos
Elyvilon
Fedhas
Gozag
Hepliaklqana
Kikubaaqudgha
Makhleb
Nemelex Xobeh
Okawaru
Qazlal
Ru
Sif Muna
Trog
Uskayaw
Vehumet
Wu Jian
Xom
Yredelemnul
Zin
The Shining One

Annotations:
D:4 3 runed translucent doors, protoss039's ghost, amateur DEEE
D:11 3 exclusions


Message History

You feel your power returning.
There is a stone staircase leading down here.
You see here an ugly thing corpse.
The ugly thing corpse isn't edible.
You start resting.
Magic restored.
Unknown command.
Unknown command.
You climb downwards.
The white ugly thing claws you! The white ugly thing freezes you!!
The white ugly thing claws you! The white ugly thing freezes you!!
* * * LOW HITPOINT WARNING * * *
There is a stone staircase leading up, spattered with blood here.
Unknown command.
Unknown command.
Unknown command.
Unknown command.
You feel much better. The white ugly thing claws you!
The white ugly thing freezes you!!
You die...

#
###########.##
.....!.......
...........
#u........
#@.# #..# #..#
#..# #.$ ...#
#.. .... ...
#### #..
#..######
####........


You could see a white ugly thing.

Vanquished Creatures
  Snorg (D:11)
  Harold (D:7)
  Josephine (D:10)
  A hydra (D:8)
  A two-headed ogre (D:8)
  A centaur warrior (D:9)
  Sonja (D:10)
  An unseen horror (D:9)
  Pikel (D:4)
  An ugly thing (D:11)
  A manticore (D:11)
  2 kobold demonologists (D:11)
  A troll (D:9)
  A merfolk (D:9)
  Grinder (D:4)
  A hippogriff (D:11)
  5 yaks (D:9)
  4 wraiths (D:10)
  A hungry ghost (D:11)
  Menkaure (D:5)
  A soldier ant (D:9)
  A water moccasin (D:11)
  Duvessa (D:4)
  A black bear (D:11)
  5 orc warriors
  A sky beast (D:9)
  A slave (D:4)
  2 ice beasts
  A necrophage (D:10)
  3 phantoms
  7 ogres
  5 centaurs
  A crocodile (D:11)
  6 big kobolds
  5 bullfrogs
  Dowan (D:4)
  5 scorpions
  A wyvern skeleton (D:9)
  37 killer bees
  A wight (D:11)
  A howler monkey (D:6)
  A centaur zombie (D:10)
  2 crimson imps
  A quasit (D:11)
  A bullfrog zombie (D:11)
  12 hounds
  7 jellies
  7 orc priests
  2 bullfrog skeletons
  4 orc wizards
  Ijyb (D:5)
  2 iguanas
  7 worker ants
  A hound zombie (D:5)
  A hound skeleton (D:9)
  A howler monkey skeleton (D:11)
  4 gnolls
  14 adders
  A shadow imp (D:5)
  An ooze (D:3)
  2 adder skeletons
  4 worms
  A dart slug (D:1)
  7 leopard geckos
  40 orcs
  4 giant cockroaches
  8 hobgoblins
  12 jackals
  31 kobolds
  7 quokkas
  A ball python (D:1)
  6 bats
  4 frilled lizards
  7 goblins
  3 leopard gecko skeletons
  A leopard gecko zombie (D:8)
  8 rats
331 creatures vanquished.

Vanquished Creatures (others)
  A quokka (D:2)
  A jackal zombie (D:2)
2 creatures vanquished.

Grand Total: 333 creatures vanquished

Notes
Turn   | Place    | Note
-------+----------+-------------------------------------------
     0 | D:1      | protoss039 the Deep Elf Earth Elementalist began the quest
                  | for the Orb.
     0 | D:1      | Reached XP level 1. HP: 10/10 MP: 6/6
   328 | D:1      | Reached XP level 2. HP: 15/15 MP: 4/8
  1030 | D:1      | Reached XP level 3. HP: 16/19 MP: 8/10
  1723 | D:1      | Learned a level 2 spell: Passwall
  1727 | D:1      | Learned a level 3 spell: Stone Arrow
  2124 | D:2      | Reached skill level 4 in Spellcasting
  2697 | D:2      | Reached XP level 4. HP: 12/24 MP: 9/12
  2886 | D:2      | Found a white marble altar of Elyvilon.
  3462 | D:3      | Found a faded altar of an unknown god.
  3765 | D:3      | Learned a level 4 spell: Petrify
  4014 | D:4      | Reached skill level 5 in Spellcasting
  4014 | D:4      | Reached XP level 5. HP: 28/28 MP: 10/14
  4200 | D:4      | Noticed Duvessa
  4200 | D:4      | Noticed Dowan
  4208 | D:4      | Noticed an ogre
  4238 | D:3      | Killed an ogre
  4238 | D:3      | Reached skill level 6 in Spellcasting
  4238 | D:3      | Reached skill level 5 in Earth Magic
  4364 | D:4      | Reached XP level 6. HP: 19/32 MP: 15/17
  4502 | D:4      | Found a runed translucent gate.
  4502 | D:4      | Found a runed translucent gate.
  4502 | D:4      | Found a runed translucent gate.
  4506 | D:4      | Noticed protoss039's ghost (amateur DEEE)
  4556 | D:4      | Killed Duvessa
  4815 | D:4      | Noticed a slave
  4820 | D:4      | Noticed a slave
  4820 | D:4      | Noticed a slave
  4820 | D:4      | Noticed a slave
  4821 | D:4      | Noticed Pikel
  4840 | D:4      | Killed a slave
  4854 | D:4      | Killed Pikel
  4854 | D:4      | Reached skill level 8 in Spellcasting
  4854 | D:4      | Reached skill level 1 in Conjurations
  4854 | D:4      | Reached XP level 7. HP: 15/36 MP: 6/21
  5056 | D:4      | Noticed Grinder
  5065 | D:4      | Killed Grinder
  5065 | D:4      | Reached skill level 9 in Spellcasting
  5065 | D:4      | Reached XP level 8. HP: 41/41 MP: 7/23
  5255 | D:4      | Killed Dowan
  5278 | D:4      | Learned a level 5 spell: Lee's Rapid Deconstruction
  5355 | D:4      | Found a shattered altar of Ashenzari.
  5604 | D:5      | Entered Level 5 of the Dungeon
  5604 | D:5      | Noticed Menkaure
  5607 | D:5      | Killed Menkaure
  5607 | D:5      | Reached skill level 10 in Spellcasting
  5969 | D:5      | Found a stormy altar of Qazlal.
  6068 | D:5      | Noticed Ijyb
  6071 | D:5      | Killed Ijyb
  7383 | D:6      | Reached skill level 11 in Spellcasting
  7383 | D:6      | Reached XP level 9. HP: 45/45 MP: 18/26
  8534 | D:6      | Learned a level 3 spell: Frozen Ramparts
  8538 | D:6      | Learned a level 3 spell: Ozocubu's Armour
  8600 | D:7      | Found a staircase to the Ecumenical Temple.
  8619 | D:7      | Reached skill level 12 in Spellcasting
  8620 | D:7      | Reached skill level 1 in Charms
  8768 | D:7      | Reached skill level 1 in Ice Magic
  8824 | Temple   | Entered the Ecumenical Temple
  9206 | D:7      | Got a warped platinum ring
  9238 | D:7      | Found a radiant altar of Vehumet.
  9299 | D:7      | Became a worshipper of Vehumet
  9436 | D:7      | Found a hide-covered altar of Uskayaw.
  9441 | D:7      | Found a basalt altar of Yredelemnul.
  9442 | D:7      | Found a shimmering blue altar of Sif Muna.
  9701 | D:7      | Noticed Harold
  9713 | D:7      | Reached skill level 10 in Earth Magic
  9716 | D:7      | Killed Harold
  9716 | D:7      | Reached skill level 1 in Armour
  9716 | D:7      | Reached skill level 13 in Spellcasting
  9716 | D:7      | Reached XP level 10. HP: 35/50 MP: 4/29
 10019 | D:8      | Noticed a two-headed ogre
 10128 | D:8      | Noticed an eight-headed hydra
 10131 | D:8      | Killed an eight-headed hydra
 10131 | D:8      | Reached skill level 14 in Spellcasting
 10397 | D:7      | Identified the ring "Tepomoru" {Int+5 Stlth-} (You found it
                  | on level 7 of the Dungeon)
 10717 | D:8      | Reached * piety under Vehumet
 10717 | D:8      | Offered knowledge of Foxfire by Vehumet.
 11169 | D:8      | Killed a two-headed ogre
 12397 | D:9      | Reached XP level 11. HP: 42/54 MP: 10/31
 12452 | D:9      | Reached ** piety under Vehumet
 12452 | D:9      | Offered knowledge of Shock by Vehumet.
 12584 | D:9      | Noticed a centaur warrior
 12588 | D:9      | Killed a centaur warrior
 12845 | D:9      | Killed an unseen horror
 13177 | D:9      | Identified Sif Muna's Tome of Snow and Air
 13485 | D:9      | Reached skill level 1 in Shields
 13685 | D:10     | Entered Level 10 of the Dungeon
 13981 | D:10     | Found a staircase to the Lair.
 14281 | D:10     | Noticed Sonja
 14287 | D:10     | Killed Sonja
 14287 | D:10     | Reached skill level 5 in Charms
 14287 | D:10     | Reached skill level 5 in Ice Magic
 14516 | D:10     | Noticed Josephine
 14521 | D:10     | Offered knowledge of Conjure Flame by Vehumet.
 14521 | D:10     | Killed Josephine
 14824 | D:10     | Found a staircase to the Orcish Mines.
 14835 | D:10     | Learned a level 3 spell: Mephitic Cloud
 14842 | D:10     | Learned a level 6 spell: Ozocubu's Refrigeration
 15451 | D:11     | Reached skill level 1 in Fighting
 15451 | D:11     | Reached *** piety under Vehumet
 16043 | D:11     | Offered knowledge of Ignite Poison by Vehumet.
 16043 | D:11     | Reached skill level 1 in Air Magic
 16043 | D:11     | Reached skill level 1 in Poison Magic
 16354 | D:11     | Noticed Snorg
 16362 | D:11     | Killed Snorg
 16362 | D:11     | Reached skill level 5 in Conjurations
 16362 | D:11     | Reached XP level 12. HP: 64/64 MP: 17/32
 17178 | D:12     | Slain by a white ugly thing

Illustrated notes

Levels and vault maps discovered:
D:1:      grunt_arrival_lava_bath, layout_loops_ring, minmay_misc_feat_iff
D:2:      layout_loops_ring, elyvilon_altar_4, minmay_tree_intersection,
          minivault_25
D:3:      layout_rooms, chequers_ecumenical_altar_island
D:4:      layout_loops_cross, cheibrodos_ashenzari_chains,
          ebering_ghost_rock_garden, uniq_pikel, uniq_grinder, uniq_duvessa
D:5:      layout_basic, first_ration, grunt_qazlal_clouds, uniq_menkaure,
          uniq_ijyb
D:6:      layout_basic
D:7:      layout_loops_ring, minitemple, vehumet_altar_wand_db, temple_green,
          uniq_harold
D:8:      layout_basic
D:9:      layout_basic, hangedman_fish_farm, lemuel_old_faithful
D:10:     layout_gridville, lair_entry_dummy, orc_0_dummy, uniq_sonja,
          uniq_josephine
D:11:     layout_loops_cross, fountainhead, st_stairs_9, uniq_snorg
D:12:     layout_long_grid
Temple:   regret_index_temple_sphere_string

Skill      XL: |  1  2  3  4  5  6  7  8  9 10 11 12 |
---------------+-------------------------------------+-----
Earth Magic    | 4 5 6 7 8 10 12 | 12.0
Dodging        | 3 |  3.0
Stealth        | 3 |  3.0
Spellcasting   | 4 5 6 8 9 11 13 14 | 14.0
Conjurations   | 1 3 4 5 6 |  6.0
Charms         | 2 4 5 |  5.0
Ice Magic      | 2 3 5 |  5.0
Armour         | 1 4 |  4.0
Transmutations | 3 4 |  4.0
Shields        | 4 |  4.0
Fighting       | 2 3 |  3.4
Air Magic      | 2 |  2.0
Poison Magic   | 2 |  2.0

Action                   |  1- 3 |  4- 6 |  7- 9 | 10-12 || total
-------------------------+-------+-------+-------+-------++-------
Melee: Dagger            |   117 |    46 |    20 |     4 ||   187
       Short sword       |       |     1 |    11 |       ||    12
 Cast: Sandblast         |    42 |    32 |    25 |    37 ||   136
       Stone Arrow       |       |     7 |    79 |   121 ||   207
       Lee's Rapid Decon |       |       |    21 |    83 ||   104
       Petrify           |       |       |       |     5 ||     5
       Ozocubu's Refrige |       |       |       |     3 ||     3
       Mephitic Cloud    |       |       |       |     5 ||     5
       Frozen Ramparts   |       |       |       |     1 ||     1
  Use: Potion            |       |     1 |       |     2 ||     3
       Scroll            |       |       |     9 |     5 ||    14
 Stab: Sleeping          |     8 |     4 |     1 |       ||    13
       Distracted        |       |     1 |       |       ||     1
  Eat: Chunk             |     5 |     7 |    17 |    20 ||    49
       Ration            |       |       |       |     1 ||     1
Armor: Robe              |    18 |     7 |     1 |       ||    26
       Leather armour    |       |       |     9 |    17 ||    26
Dodge: Dodged            |    96 |    42 |    46 |    48 ||   232
Block: Buckler           |       |       |       |     7 ||     7
